 Dungeon Crawl Stone Soup version 0.30-a0-159-g068b764562 (webtiles) character file.

Game seed: 1082078112743624751

14196 NinjaNoafa the Destroyer (level 11, -3/82 HPs)
             Began as a Grey Draconian Conjurer on Sept 27, 2022.
             Was a Priest of Sif Muna.
             Slain by a komodo dragon (19 damage)
             ... on level 1 of the Lair of Beasts.
             The game lasted 00:35:51 (13749 turns).

NinjaNoafa the Destroyer (Grey Draconian Conjurer) Turns: 13749, Time: 00:35:51

Health: -3/82      AC: 16    Str: 10    XL:     11   Next: 85%
Magic:  15/19      EV: 15    Int: 31    God:    Sif Muna [***...]
Gold:   827        SH:  0    Dex: 21    Spells: 1/21 levels left

rFire   + . .      SeeInvis .    B - staff of fire
rCold   + . .      Faith    .    J - orb {light}
rNeg    . . .      Spirit   .    (body armour unavailable)
rPois   +          Reflect  .    (helmet restricted)
rElec   .          Harm     .    u - +0 cloak of Xeora {Dex+4}
rCorr   .          Rampage  .    m - +0 pair of gloves
Will    .....                    t - +1 pair of boots
Stlth   +.........               K - amulet "Dutuomar" {Acrobat Drain rPois rC+ Int+4 Dex+4}
HPRegen 0.23/turn                z - +4 ring of slaying
MPRegen 0.16/turn                b - +6 ring of intelligence

@: on berserk cooldown, slowed, glowing, very slow
A: AC +12, amphibious, unfitting armour, cold-blooded, stinger 1, agile 1, wild
magic 1
a: Renounce Religion, Channel Magic, Forget Spell


You were on level 1 of the Lair of Beasts.
You worshipped Sif Muna.
Sif Muna was most pleased with you.
You visited 3 branches of the dungeon, and saw 13 of its levels.
You also visited: Sewer.

You collected 879 gold pieces.
You spent 52 gold pieces at shops.

Inventory:

Missiles
 f - 124 stones
 r - 12 boomerangs
 D - 15 poisoned darts
 L - a curare-tipped dart
Armour
 m - a +0 pair of gloves (worn)
 t - a +1 pair of boots (worn)
 u - the +0 cloak of Xeora (worn) {Dex+4}
   (You found it on level 4 of the Dungeon)

   Dex:       It affects your dexterity (+4).
 J - an orb of light (worn)
Magical Staves
 B - a staff of fire (weapon)
Jewellery
 b - a +6 ring of intelligence (right hand)
 s - a ring of flight
 z - a +4 ring of slaying (left hand)
 K - the amulet "Dutuomar" (around neck) {Acrobat Drain rPois rC+ Int+4 Dex+4}
   (You found it on level 8 of the Dungeon)

   [amulet of the acrobat]

   It increases your evasion while moving and waiting.
   Int:       It affects your intelligence (+4).
   Dex:       It affects your dexterity (+4).
   rC:        It protects you from cold.
   rPois:     It protects you from poison.
   Drain:     It drains your maximum health when unequipped.
Wands
 a - a wand of mindburst (21)
 i - a wand of paralysis (13)
 w - a wand of light (11)
 F - a wand of flame (23)
 G - a wand of roots (7)
Scrolls
 c - a scroll of summoning
 h - a scroll of magic mapping
 j - 5 scrolls of teleportation
 l - 3 scrolls of fear
 n - 3 scrolls of vulnerability
 o - 7 scrolls of blinking
 p - 3 scrolls of poison
 q - a scroll of immolation
 x - 2 scrolls of fog {unknown}
 y - 2 scrolls of enchant weapon {unknown}
Potions
 d - a potion of berserk rage
 e - 3 potions of invisibility
 g - 5 potions of curing
 k - a potion of ambrosia
 v - 2 potions of resistance
 E - 2 potions of flight
Miscellaneous
 I - a lightning rod (4/4)


   Skills:
 - Level 3.0 Fighting
 - Level 5.0 Dodging
 - Level 3.0 Stealth
 + Level 5.8 Spellcasting
 - Level 9.0 Conjurations
 - Level 7.0 Hexes
 + Level 6.9 Translocations
 - Level 7.0 Fire Magic
 + Level 7.9 Invocations
 - Level 5.0 Evocations


You had one spell level left.
You knew the following spells:

 Your Spells              Type           Power      Damage    Failure   Level
a - Kindle Blastsparks    Fire/Tloc/Air  100%       2d18      4%          3
b - Searing Ray           Conj           100%       2d8       1%          2
c - Dazzling Flash        Conj/Hex       100%       N/A       1%          3
d - Fulminant Prism       Conj/Hex       33%        3d16      3%          4
e - Foxfire               Conj/Fire      100%       2x1d9     1%          1
f - Inner Flame           Hex/Fire       80%        N/A       1%          3
g - Iskenderun's Mystic   Conj/Tloc      66%        2d14      3%          4

Your spell library contained the following spells:

 Spells                   Type           Power      Damage    Failure   Level
 Magic Dart               Conj           100%       1d8       1%          1
 Flame Wave               Conj/Fire      85%        2d18      3%          4
 Sticky Flame             Conj/Fire      85%        2d10      3%          4
 Mephitic Cloud           Conj/Pois/Air  35%        N/A       7%          3
 Ignite Poison            Fire/Tmut/Pois 45%        N/A       10%         3
 Cigotuvi's Dreadful Rot  Necr/Pois/Air  22%        N/A       12%         2
 Silence                  Hex/Air        19%        N/A       41%         5
 Freezing Cloud           Conj/Ice/Air   17%        6-21      47%         5
 Dispel Undead            Necr           11%        3d9       54%         4
 Agony                    Necr           11%        N/A       86%         5
 Death Channel            Necr           5%         N/A       100%        6
 Borgnjor's Revivificati  Necr           5%         N/A       100%        8
 Ignition                 Fire           40%        3d12      100%        8
 Necromutation            Tmut/Necr      5%         N/A       100%        8
 Death's Door             Necr           5%         N/A       100%        9


Dungeon Overview and Level Annotations

Branches:
Dungeon (11/15)            Temple (1/1) D:6            Lair (1/5) D:8
  Sewer (visited)
    Orc: D:9-12

Altars:
Ashenzari
Cheibriados
Dithmenos
Elyvilon
Fedhas
Gozag
Hepliaklqana
Kikubaaqudgha
Makhleb
Nemelex Xobeh
Okawaru
Qazlal
Ru
Sif Muna
Trog
Uskayaw
Vehumet
Wu Jian
Xom
Yredelemnul
Zin
The Shining One

Shops:
D:7 *


Innate Abilities, Weirdness & Mutations

Your dull iron-grey scales are very hard. (AC +12)
You are amphibious.
You cannot fit into any form of body armour.
You are cold-blooded and may be slowed by cold attacks.
Your tail ends in a venomous barb.
You are agile. (Dex +4, Str/Int -1)
Your spells are a little harder to cast, but a little more powerful.


Message History

You hit the elephant but do no damage. You burn the elephant!
The elephant is heavily wounded.
You hit the elephant but do no damage.
The elephant is heavily wounded.
The elephant tramples you.
You hold your ground!
The elephant trunk-slaps you.
You hit the elephant. You burn the elephant! You tail-slap the elephant!
The elephant is almost dead.
The komodo dragon hisses menacingly.
The elephant closely misses you.
The elephant trunk-slaps you but does no damage.
You hit the elephant. You burn the elephant. You tail-slap the elephant.
The elephant is almost dead.
The elephant tramples you.
You hold your ground!
The elephant barely misses you.
You hit the elephant but do no damage. You burn the elephant!
You kill the elephant!
Sif Muna accepts your kill.
You hit the komodo dragon! You tail-slap the komodo dragon!
The komodo dragon is heavily wounded.
The komodo dragon completely misses you.
You hit the komodo dragon! You burn the komodo dragon.
The komodo dragon is severely wounded.
You are no longer berserk.
You are exhausted.
You feel yourself slow down.
You hit the komodo dragon but do no damage.
The komodo dragon is severely wounded.
The komodo dragon misses you. x2
You hit the komodo dragon.
The komodo dragon is almost dead.
The komodo dragon closely misses you. The komodo dragon bites you!
* * * LOW HITPOINT WARNING * * *
Casting: Kindle Blastsparks (mildly dangerous; 4% risk of failure)
Confirm with . or Enter, or press ? or * to list all spells.
Aiming: Fulminant Prism (dangerous; 3% risk of failure)
Press: ? - help, Dir - move target You conjure a prism of explosive energy!
A fulminant prism comes into view.
The komodo dragon bites you!!
You die...

.... .#.. #..
..... .... #...#
... .... . #..
####..#
#.##.##@#...###
...$..##l.*...#
........†.......
................
.......<........
................
................
................
................


You could see a komodo dragon (ally target) and a friendly fulminant prism.

Vanquished Creatures
  A two-headed ogre (D:11)
  Amaemon (D:8)
  2 deep elf pyromancers
  A cyclops (shapeshifter) (D:8)
  An elephant (Lair:1)
  2 manticores
  An orange demon (D:8)
  A kobold demonologist (D:9)
  Maggie (D:8)
  3 komodo dragons
  A troll (D:9)
  A hornet (D:9)
  A dream sheep (shapeshifter) (D:8)
  A shadow (D:10)
  A wraith (D:10)
  5 yaks (D:10)
  4 wyverns
  4 fire bats (D:10)
  3 basilisks
  4 vampire mosquitoes
  2 acid dragons
  5 water moccasins
  A hell hound (D:10)
  4 orc warriors
  An ice beast (D:8)
  An ogre (D:5)
  9 centaurs
  3 wolves
  4 phantoms
  3 bullfrogs
  4 kobold brigands (D:9)
  A necrophage (D:5)
  4 scorpions
  12 wights
  12 killer bees
  A howler monkey (D:10)
  2 lava snakes (D:10)
  2 hounds
  8 orc priests
  2 jellies
  Jessica (D:2)
  4 iguanas
  9 orc wizards
  A hell rat (Sewer)
  11 adders
  2 shadow imps
  A white imp (D:7)
  A worm (D:3)
  2 dart slugs
  37 orcs
  8 endoplasms
  5 giant cockroaches
  12 goblins
  7 hobgoblins
  10 jackals
  18 kobolds
  4 quokkas
  7 ball pythons
  7 bats
  2 frilled lizards
  15 rats
  3 fire vortices (D:10)
  A foxfire (D:9)
288 creatures vanquished.

Vanquished Creatures (others)
  199 foxfires
  26 fulminant prisms
  A fungus (D:1)
  A plant (D:1)
227 creatures vanquished.

Grand Total: 515 creatures vanquished

Notes
Turn   | Place    | Note
-------+----------+-------------------------------------------
     0 | D:1      | NinjaNoafa the Draconian Conjurer began the quest for the
                  | Orb.
     0 | D:1      | Reached XP level 1. HP: 14/14 MP: 3/3
   336 | D:1      | Reached XP level 2. HP: 20/20 MP: 0/5
   410 | D:1      | Learned a level 2 spell: Searing Ray
   459 | D:1      | Found a faded altar of an unknown god.
  1179 | D:2      | Reached XP level 3. HP: 26/26 MP: 3/6
  1969 | D:2      | Noticed Jessica
  1974 | D:2      | Killed Jessica
  1975 | D:2      | Reached skill level 5 in Conjurations
  1975 | D:2      | Reached XP level 4. HP: 19/33 MP: 1/8
  2363 | D:3      | Found an ornate altar of the Wu Jian Council.
  2484 | D:3      | Reached skill level 1 in Hexes
  3102 | D:3      | Found a blossoming altar of Fedhas.
  3104 | D:3      | Found an ancient bone altar of Kikubaaqudgha.
  3386 | D:3      | Found a glowing silver altar of Zin.
  3386 | D:3      | Noticed an angel
  3510 | D:3      | Found a sparkling altar of Nemelex Xobeh.
  3580 | D:3      | Reached XP level 5. HP: 38/38 MP: 4/9
  3632 | D:3      | Found a burning altar of Makhleb.
  3632 | D:3      | Noticed a green death
  3742 | D:4      | Identified the +0 cloak of Xeora {Dex+4}
  4065 | D:4      | Learned a level 3 spell: Dazzling Flash
  4115 | D:4      | Noticed a phantom
  4141 | D:4      | Gained mutation: Your flesh is cold resistant. (rC+)
                  | [potion of mutation]
  4141 | D:4      | Gained mutation: Your body sometimes deteriorates upon
                  | taking damage. [potion of mutation]
  4141 | D:4      | Gained mutation: You have sharp toenails. [potion of
                  | mutation]
  4156 | D:4      | Killed a phantom
  4157 | D:4      | Reached XP level 6. HP: 16/45 MP: 7/10
  4580 | D:4      | Reached skill level 5 in Hexes
  4850 | D:4      | Your scales start taking on a dull iron-grey colour.
  4850 | D:4      | Reached XP level 7. HP: 39/50 MP: 0/11
  5064 | D:5      | Entered Level 5 of the Dungeon
  5327 | D:5      | Reached skill level 6 in Conjurations
  5999 | D:5      | Reached skill level 7 in Conjurations
  5999 | D:5      | Reached skill level 1 in Fighting
  6234 | D:5      | Reached skill level 1 in Translocations
  6264 | D:5      | Reached XP level 8. HP: 46/61 MP: 2/14
  6652 | D:6      | Found a glowing drain.
  6665 | Sewer    | Entered a sewer
  6848 | D:6      | Reached skill level 5 in Spellcasting
  7126 | D:6      | Learned a level 4 spell: Fulminant Prism
  7328 | D:6      | Found a staircase to the Ecumenical Temple.
  7550 | Temple   | Entered the Ecumenical Temple
  7664 | Temple   | Became a worshipper of Sif Muna the Loreminder
  7855 | D:7      | Identified the ring of Gazathiw {rN+ Dex+2 Slay-5 SInv}
  7874 | D:7      | Reached skill level 5 in Translocations
  8064 | D:7      | Reached XP level 9. HP: 60/67 MP: 3/16
  8067 | D:7      | Reached * piety under Sif Muna
  8137 | D:7      | Found Xawy's Serpentskin Sales.
  8207 | D:7      | Bought a scroll of poison for 52 gold pieces
  8207 | D:7      | Found a sacrificial altar of Ru.
  8209 | D:7      | Found a basalt altar of Yredelemnul.
  8227 | D:7      | Learned a level 1 spell: Foxfire
  8231 | D:7      | Reached skill level 8 in Conjurations
  8291 | D:7      | Noticed a moth of wrath
  8294 | D:7      | Found a bloodstained altar of Trog.
  8653 | D:8      | Noticed Maggie
  8663 | D:8      | Killed Maggie
  8692 | D:8      | Reached skill level 9 in Conjurations
  8821 | D:8      | Noticed a yaktaur
  8821 | D:8      | Noticed a deep elf pyromancer
  8822 | D:8      | Found a transporter.
  8827 | D:8      | a yaktaur changed into a black mamba
  8827 | D:8      | Noticed a black mamba (shapeshifter)
  8829 | D:8      | Noticed a manticore
  8833 | D:8      | a black mamba changed into a polar bear
  8833 | D:8      | Noticed a polar bear (shapeshifter)
  8838 | D:8      | a raiju changed into a guardian serpent
  8838 | D:8      | Noticed a guardian serpent (shapeshifter)
  8842 | D:8      | Found a transporter.
  8891 | D:8      | Noticed a rime drake
  8900 | D:8      | a rime drake changed into a harpy
  8900 | D:8      | Noticed a harpy (shapeshifter)
  8903 | D:8      | a harpy changed into something unseen
  8931 | D:8      | Reached skill level 1 in Invocations
  8931 | D:8      | Reached skill level 1 in Evocations
  9020 | D:8      | Noticed a merfolk
  9070 | D:8      | Lost mutation: Your body sometimes deteriorates upon taking
                  | damage. [potion of mutation]
  9070 | D:8      | Lost mutation: Your flesh is cold resistant. (rC+) [potion
                  | of mutation]
  9070 | D:8      | Gained mutation: You are agile. (Dex +4, Str/Int -1)
                  | [potion of mutation]
  9070 | D:8      | Gained mutation: Your spells are a little harder to cast,
                  | but a little more powerful. [potion of mutation]
  9070 | D:8      | Lost mutation: You have sharp toenails. [potion of
                  | mutation]
  9070 | D:8      | Gained mutation: Your tail ends in a venomous barb. [potion
                  | of mutation]
  9135 | D:8      | Reached skill level 1 in Fire Magic
  9178 | D:8      | Reached ** piety under Sif Muna
  9324 | D:8      | Identified the amulet "Dutuomar" {Acrobat Drain rPois rC+
                  | Int+4 Dex+4}
  9349 | D:8      | Noticed a komodo dragon
  9385 | D:8      | Killed a komodo dragon
  9677 | D:8      | Reached XP level 10. HP: 65/73 MP: 14/17
  9717 | D:8      | Found a staircase to the Lair.
  9914 | D:8      | Learned a level 3 spell: Inner Flame
  9919 | D:8      | Learned a level 4 spell: Iskenderun's Mystic Blast
 10069 | D:8      | Noticed Amaemon
 10069 | D:8      | Noticed an orange demon
 10077 | D:8      | Killed an orange demon
 10078 | D:8      | Reached skill level 5 in Invocations
 10083 | D:8      | Killed Amaemon
 10234 | D:8      | Noticed a cyclops
 10246 | D:8      | Killed a deep elf pyromancer
 10248 | D:8      | Killed a manticore
 10248 | D:8      | Killed a cyclops
 10766 | D:9      | Reached skill level 5 in Fire Magic
 10766 | D:9      | Reached XP level 11. HP: 72/82 MP: 2/18
 10939 | D:9      | Found a glowing golden altar of the Shining One.
 11383 | D:9      | Found a white marble altar of Elyvilon.
 11569 | D:10     | Entered Level 10 of the Dungeon
 11656 | D:10     | Reached *** piety under Sif Muna
 11661 | D:10     | Reached skill level 5 in Evocations
 11704 | D:10     | Found an iron altar of Okawaru.
 11858 | D:10     | Found a shadowy altar of Dithmenos.
 12330 | D:10     | Identified the +5 long sword of Woe {speed, +Blink Str+2}
 12680 | D:11     | Reached skill level 5 in Dodging
 13053 | D:11     | Learned a level 3 spell: Kindle Blastsparks
 13264 | D:11     | Noticed a deep elf pyromancer
 13274 | D:11     | Killed a deep elf pyromancer
 13295 | D:11     | Noticed a two-headed ogre
 13308 | D:11     | Killed a two-headed ogre
 13320 | D:11     | Noticed a fire dragon
 13617 | Lair:1   | Entered Level 1 of the Lair of Beasts
 13749 | Lair:1   | Slain by a komodo dragon

Illustrated notes

Levels and vault maps discovered:
D:1:      matt_arrival_los_fun, layout_loops_ring,
          dreamdust_ecumenical_altar_grove
D:2:      layout_basic, minivault_4, dk_noncrumbling_4, minmay_misc_feat_cross,
          nicolae_figureground_pulse, uniq_jessica
D:3:      layout_loops_corners, grunt_temple_overflow_growth_and_decay,
          nicolae_overflow_hidden_temple, nzn_wu_jian_contemplation,
          makhleb_altar_promises_db, zin_angel, hangedman_feature_mirror,
          st_stairs_3, hangedman_abyss_or_decor_stabs
D:4:      minmay_general_purpose_star, layout_cave_pools, minmay_starry_boxes
D:5:      layout_layer_cave
D:6:      layout_cave_pools, minmay_temple_entry_statues, portal_sewer_entry_a,
          serial_rivers, chequers_serial_rivers_large_b,
          chequers_serial_rivers_small_a, chequers_serial_rivers_micro_d,
          chequers_serial_rivers_small_3, chequers_serial_rivers_large_a,
          solitary_fountain, kennysheep_generic_room_13
D:7:      layout_rooms, overflow_temple_1_default, lemuel_round_altar, tgw_trog,
          corexii_checkpoint_b, guppyfry_shop_venom
D:8:      gammafunk_sealed_arena, layout_gridville, erik_lair_dragon,
          uniq_amaemon, uniq_maggie
D:9:      layout_roguey, elyvilon_altar_1, mainiacjoe_overflow_small_starburst
D:10:     layout_loops_ring, amcnicky_altar_gilded,
          mainiacjoe_overflow_24_doors, hangedman_incinerator
D:11:     layout_rooms, minmay_the_grid_square_5x5_3x3_mashed
          [minmay_the_grid_square_5x5_inner_z,
          minmay_the_grid_square_5x5_two_small,
          minmay_the_grid_square_5x5_minivault,
          minmay_the_grid_square_5x5_longway,
          minmay_the_grid_square_5x5_megaprize_diamond,
          minmay_the_grid_square_5x5_minimal,
          minmay_the_grid_square_5x5_two_walls_b,
          minmay_the_grid_square_5x5_inner_v,
          minmay_the_grid_square_5x5_shrine2]
Temple:   kb_temple_of_zot
Lair:1:   layout_gridlike

Skill      XL: |  1  2  3  4  5  6  7  8  9 10 11 |
---------------+----------------------------------+-----
Spellcasting   | 3 4 5 |  5.8
Conjurations   | 5 7 9 |  9.0
Hexes          | 2 4 5 7 |  7.0
Fighting       | 2 3 |  3.0
Translocations | 1 5 6 |  6.9
Invocations    | 3 7 |  7.9
Evocations     | 2 4 5 |  5.0
Fire Magic     | 2 5 7 |  7.0
Dodging        | 3 5 |  5.0
Stealth        | 3 |  3.0

Action                   |  1- 3 |  4- 6 |  7- 9 | 10-12 || total
-------------------------+-------+-------+-------+-------++-------
Melee: Unarmed           |     4 |       |       |       ||     4
       Tailslap          |     3 |    10 |    14 |    16 ||    43
       Quarterstaff      |     1 |       |       |       ||     1
       Rapier            |    17 |    60 |    85 |     5 ||   167
       Staff             |       |       |       |    75 ||    75
 Cast: Magic Dart        |    48 |    92 |    98 |       ||   238
       Searing Ray       |     3 |     8 |    14 |     5 ||    30
       Dazzling Flash    |       |     1 |     2 |       ||     3
       Fulminant Prism   |       |       |    12 |    15 ||    27
       Foxfire           |       |       |    45 |    79 ||   124
       Inner Flame       |       |       |       |    12 ||    12
       Iskenderun's Myst |       |       |       |     7 ||     7
       Kindle Blastspark |       |       |       |     7 ||     7
Evoke: Wand              |       |       |     2 |     8 ||    10
  Use: Potion            |       |     9 |     6 |     2 ||    17
       Scroll            |       |     8 |     3 |     6 ||    17
Armor: Skin              |     5 |    57 |   106 |    97 ||   265
Dodge: Dodged            |    23 |    99 |   146 |   251 ||   519

Table legend: (Time is in decaauts)
 A = Elapsed time spent in this place.
 B = Non-inter-level travel time spent in this place.
 C = Inter-level travel time spent in this place.
 D = Time resting spent in this place.
 E = Time spent auto-exploring this place.
 F = Levels seen in this place.
 G = Mean time per level.
                   A        B        C        D        E       F      G
               +--------+--------+--------+--------+--------+-----+--------+
         Total |  13771 |  13268 |    503 |    195 |  11011 |  14 |  983.6 |
       Dungeon |  13431 |  12976 |    455 |    195 |  10785 |  11 | 1221.0 |
        Temple |    142 |     94 |     48 |      0 |     87 |   1 |  142.0 |
          Lair |     25 |     25 |      0 |      0 |      0 |   1 |   25.0 |
         Sewer |    171 |    171 |      0 |      0 |    139 |   1 |  171.0 |
               +--------+--------+--------+--------+--------+-----+--------+

Top non-repeatable levels by time:
     D:8: 1951 daAuts
     D:5: 1547 daAuts
     D:3: 1447 daAuts
     D:4: 1325 daAuts
    D:10: 1216 daAuts
     D:9: 1197 daAuts
     D:2: 1178 daAuts
     D:1: 1108 daAuts
     D:6: 930 daAuts
     D:7: 790 daAuts
    D:11: 737 daAuts
   Sewer: 171 daAuts
  Temple: 142 daAuts
  Lair:1: 25 daAuts
